 Dungeon Crawl Stone Soup version 0.29.1-13-g9f3cf754e1 (webtiles) character file.

Game seed: 10596730479410720719

8127 croobank the Covert (level 11, -17/51 HPs)
             Began as a Vine Stalker Enchanter on Jan 27, 2023.
             Was an Elder of Hepliaklqana.
             Hit by a large rock thrown by a cyclops (33 damage)
             ... on level 11 of the Dungeon.
             The game lasted 00:35:25 (10711 turns).

croobank the Covert (Vine Stalker Enchanter)       Turns: 10711, Time: 00:35:25

Health: -17/51     AC:  7    Str: 21    XL:     11   Next: 26%
Magic:  0/22       EV: 16    Int: 19    God:    Hepliaklqana [****..]
Gold:   420        SH:  0    Dex: 21    Spells: 16/24 levels left

rFire   . . .      SeeInvis .   J - +4 short sword of Okawaru's Approval {holy, Str+4 Dex+6}
rCold   . . .      Faith    .   (no shield)
rNeg    . . .      Spirit   +   b - +0 robe
rPois   +          Reflect  .   (no helmet)
rElec   .          Harm     .   G - +1 cloak
rCorr   .          Rampage  .   C - +2 pair of gloves
Will    +....                   (no boots)
Stlth   +++++.....              p - amulet of regeneration
HPRegen 1.77/turn               v - +6 ring of strength
MPRegen 0.18/turn               k - ring of poison resistance

@: no status effects
A: reduced essence, fangs 3, regeneration 1, magic shield, antimagic bite, no
potion heal 2
a: Renounce Religion, Recall Ancestor, Ancestor Identity, Transference, Idealise


You were on level 11 of the Dungeon.
You worshipped Hepliaklqana.
Hepliaklqana was greatly pleased with you.
You visited 1 branch of the dungeon, and saw 11 of its levels.

You collected 636 gold pieces.
You spent 216 gold pieces at shops.

Inventory:

Hand Weapons
 a - a +4 dagger
 e - a +2 dagger of flaming
 h - a +0 rapier
 n - a +2 short sword of protection
 q - a +1 hand axe of venom
 t - a +1 dagger of venom
 J - the +4 short sword of Okawaru's Approval (weapon) {holy, Str+4 Dex+6}
   (You bought it in a shop on level 1 of the Dungeon)

   It has been blessed by the Shining One to cause great damage to the undead
   and demons.
   Str:       It affects your strength (+4).
   Dex:       It affects your dexterity (+6).
Missiles
 f - 43 poisoned darts (quivered)
Armour
 b - a +0 robe (worn)
 i - a +0 leather armour
 j - the +3 pair of gauntlets of War {Slay+5}
   (You found it on level 2 of the Dungeon)

   Slay:      It affects your accuracy & damage with ranged weapons and melee
   (+5).
 C - a +2 pair of gloves (worn)
 G - a +1 cloak (worn)
Magical Staves
 o - a staff of cold
Jewellery
 k - a ring of poison resistance (right hand)
 m - a ring of resist corrosion
 p - an amulet of regeneration (around neck)
 v - a +6 ring of strength (left hand)
 L - a ring of magical power
Wands
 z - a wand of iceblast (1)
 A - a wand of flame (25)
Scrolls
 s - 4 scrolls of teleportation
 x - 5 scrolls of magic mapping
 y - a scroll of brand weapon {unknown}
 B - a scroll of fog {unknown}
 D - 2 scrolls of immolation
 E - a scroll of poison {unknown}
 F - 4 scrolls of identify
 H - a scroll of fear
 I - a scroll of summoning {unknown}
Potions
 c - 2 potions of invisibility
 d - a potion of flight
 g - 4 potions of brilliance
 l - 3 potions of mutation
 r - 2 potions of curing
 u - 3 potions of lignification
 w - a potion of heal wounds
 K - a potion of attraction {unknown}


   Skills:
 + Level 6.3 Fighting
 + Level 6.3 Short Blades
 + Level 6.1 Dodging
 + Level 9.8 Stealth
 + Level 7.3 Spellcasting
 + Level 7.8 Hexes


You had 16 spell levels left.
You knew the following spells:

 Your Spells              Type           Power      Damage    Failure   Level
a - Ensorcelled Hibernat  Hex/Ice        42%        N/A       3%          2
b - Confusing Touch       Hex            36%        N/A       1%          3
c - Tukima's Dance        Hex            36%        N/A       1%          3

Your spell library contained the following spells:

 Spells                   Type           Power      Damage    Failure   Level
 Dazzling Flash           Conj/Hex       42%        N/A       6%          3
 Inner Flame              Hex/Fire       21%        N/A       6%          3
 Beastly Appendage        Tmut           12%        N/A       10%         1
 Foxfire                  Conj/Fire      24%        2x1d5     10%         1
 Magic Dart               Conj           24%        1d4       10%         1
 Shock                    Conj/Air       24%        1d4       10%         1
 Searing Ray              Conj           12%        2d4       16%         2
 Sublimation of Blood     Necr           6%         N/A       16%         2
 Wereblood                Tmut           6%         N/A       16%         2
 Fulminant Prism          Conj/Hex       10%        3d9       21%         4
 Conjure Flame            Conj/Fire      6%         6-21      30%         3
 Gell's Gravitas          Tloc           6%         N/A       30%         3
 Lesser Beckoning         Tloc           6%         N/A       30%         3
 Spider Form              Tmut/Pois      6%         N/A       30%         3
 Stone Arrow              Conj/Erth      12%        3d7       30%         3
 Swiftness                Air            6%         N/A       30%         3
 Teleport Other           Tloc           6%         N/A       30%         3
 Silence                  Hex/Air        10%        N/A       50%         5
 Summon Mana Viper        Hex/Summ       21%        N/A       50%         5
 Airstrike                Air            3%         2d(1-17)  69%         4
 Animate Armour           Summ/Erth      12%        N/A       69%         4
 Flame Wave               Conj/Fire      6%         2d5       69%         4
 Petrify                  Tmut/Erth      6%         N/A       69%         4
 Summon Ice Beast         Ice/Summ       6%         N/A       69%         4
 Agony                    Necr           6%         N/A       95%         5
 Irradiate                Conj/Tmut      3%         3d12      95%         5
 Dispersal                Tloc           3%         N/A       100%        6
 Monstrous Menagerie      Summ           3%         N/A       100%        7
 Lehudib's Crystal Spear  Conj/Erth      3%         10d2      100%        8


Dungeon Overview and Level Annotations

Branches:
Dungeon (11/15)            Temple (0/1) D:4            Lair (0/5) D:8
    Orc (0/2) D:10

Altars:
Dithmenos
Gozag
Hepliaklqana
Kikubaaqudgha
Makhleb
Nemelex Xobeh
Okawaru
Sif Muna
Trog
Vehumet
Wu Jian
Xom
Zin
The Shining One

Shops:
D:1 (   D:4 (   D:5 [

Annotations:
D:5 3 runed translucent doors, shayl's ghost, novice HOFi
D:8 3 runed translucent doors, stormannn's ghost, novice MiHu
D:11 1 runed translucent door


Innate Abilities, Weirdness & Mutations

Your life essence is reduced to manifest your ancestor. (-10% HP)
You have razor-sharp teeth.
Your natural rate of healing is unusually fast.
When hurt, damage is shared between your health and your magic reserves.
Your bite disrupts and absorbs the magic of your enemies.
Potions cannot restore your health.


Message History

You closely miss the yak. You bite the yak! You drain its power.
You feel invigorated.
The yak is almost dead.
The yak misses you.
You hit the yak. Your bite misses the yak.
The yak is almost dead.
The yak barely misses you.
You hit the yak.
You kill the yak!
You see here a yak corpse.
You swap places.
l - 3 potions of mutation (gained 1)
You open the door.
There is an open door here.
You open the door.
There is an open door here.
You now have 406 gold pieces (gained 14).
You swap places.
Found a quarterstaff.
You open the door.
Found a sling.
Found a stone staircase leading down.
There is an open door here.
You see here a +0 sling.
You open the door.
There is an open door here.
Found a stone staircase leading down.
g - 4 potions of brilliance (gained 1)
You now have 420 gold pieces (gained 14).
There is an open door here.
You open the door.
There is an open door here.
L - a ring of magical power A cyclops comes into view.
The cyclops throws a large rock.
The large rock hits you!!
You swap places.
The cyclops throws a large rock.
The large rock hits you!!!
Ouch! That really hurt!
* * * LOW HITPOINT WARNING * * *
The cyclops throws a large rock.
The large rock hits you!!!
Ouch! That really hurt!
You die...

#.#
#.......#...#.^.########
#.# ###R#R#....)#..##
#.# #.#...##.....#
#.#####.######.#.#.#
#.......# #.....#
################.###
#.......#.#
#.#####.#.####### #.#
#...R@.......
####.###.#.#.#######
#........#..C.##
#.##.#####.....#
#.##..........##
#.##########.## #.# #.#
### ## #.# #.# #.. .#
#.# ##'## #.# .#


You could see the friendly Tlaloc the knight and a cyclops (ally target).

Vanquished Creatures
  A hornet (D:7)
  3 wyverns
  A wraith (D:11)
  Eustachio (D:5)
  10 yaks
  2 basilisks (D:8)
  A water moccasin (D:8)
  Duvessa (D:5)
  An orc warrior (D:10)
  An ice beast (D:8)
  2 ogres
  A centaur (D:8)
  3 kobold brigands
  2 phantoms
  2 bullfrogs
  3 gnoll sergeants
  A scorpion (D:7)
  A necrophage (D:3)
  Dowan (D:5)
  2 killer bees (D:7)
  2 howler monkeys (D:10)
  A jelly (D:6)
  2 hounds (D:6)
  4 orc priests
  5 iguanas
  Ijyb (D:3)
  4 orc wizards
  10 gnolls
  6 adders
  A white imp (D:8)
  2 worms
  3 dart slugs
  21 orcs
  6 endoplasms
  3 giant cockroaches
  12 goblins
  4 hobgoblins
  2 jackals (D:4)
  4 quokkas
  7 ball pythons
  5 bats
  4 frilled lizards
  23 kobolds
  9 rats
181 creatures vanquished.

Vanquished Creatures (collateral kills)
  2 two-headed ogres
  An elephant (D:8)
  4 yaks
  Sigmund (D:3)
  A wyvern (D:8)
  A basilisk (D:9)
  A warg (D:10)
  An orc warrior (D:10)
  3 bullfrogs
  A killer bee (D:7)
  2 howler monkeys
  2 orc priests (D:10)
  3 orc wizards (D:8)
  A gnoll (D:7)
  10 orcs
  2 goblins (D:10)
  A kobold (D:9)
37 creatures vanquished.

Vanquished Creatures (others)
  A dancing weapon (D:10)
  A knight (D:8)
  2 ancestors (D:7)
  2 plants (D:6)
6 creatures vanquished.

Grand Total: 224 creatures vanquished

Notes
Turn   | Place    | Note
-------+----------+-------------------------------------------
     0 | D:1      | croobank the Vine Stalker Enchanter began the quest for the
                  | Orb.
     0 | D:1      | Reached XP level 1. HP: 9/9 MP: 4/4
    22 | D:1      | Reached skill level 1 in Short Blades
   116 | D:1      | Reached XP level 2. HP: 10/13 MP: 4/6
  1019 | D:1      | Learned a level 2 spell: Ensorcelled Hibernation
  1265 | D:1      | Found a faded altar of an unknown god.
  1497 | D:1      | Found Ohuheful's Antique Weapon Shoppe.
  1541 | D:1      | Reached XP level 3. HP: 16/16 MP: 7/7
  1577 | D:1      | Reached skill level 4 in Stealth
  1656 | D:2      | Found the +3 pair of gauntlets of War {Slay+5}
  1930 | D:2      | Gained mutation: Your natural rate of healing is unusually
                  | fast. [Vine Stalker growth]
  1930 | D:2      | Reached XP level 4. HP: 15/21 MP: 8/8
  2057 | D:2      | Learned a level 3 spell: Confusing Touch
  2061 | D:2      | Learned a level 3 spell: Tukima's Dance
  2093 | D:3      | Noticed Ijyb
  2329 | D:3      | Reached skill level 1 in Fighting
  2378 | D:3      | Paralysed by Ijyb for 2 turns
  2385 | D:3      | Paralysed by Ijyb for 2 turns
  2397 | D:3      | Killed Ijyb
  2398 | D:3      | Reached XP level 5. HP: 13/25 MP: 8/10
  2560 | D:3      | Noticed Sigmund
  3114 | D:4      | Found a staircase to the Ecumenical Temple.
  3172 | D:4      | Noticed a phantom
  3183 | D:4      | Killed a phantom
  3184 | D:4      | Reached XP level 6. HP: 27/30 MP: 11/11
  3338 | D:4      | Found Raemoxui's Weapon Shoppe.
  3500 | D:5      | Entered Level 5 of the Dungeon
  3534 | D:5      | Found a runed translucent gate.
  3534 | D:5      | Found a runed translucent gate.
  3535 | D:5      | Found a runed translucent gate.
  3538 | D:5      | Noticed shayl's ghost (novice HOFi)
  3561 | D:5      | Noticed Eustachio
  3578 | D:5      | Killed Eustachio
  3579 | D:5      | Reached skill level 5 in Stealth
  3579 | D:5      | Reached XP level 7. HP: 34/35 MP: 11/13
  3672 | D:5      | Found Eggaek's Armour Shoppe.
  3739 | D:5      | Noticed Dowan
  3740 | D:5      | Noticed Duvessa
  3745 | D:5      | Killed Dowan
  3898 | D:5      | Killed Duvessa
  4383 | D:6      | Found a hazy altar of Hepliaklqana.
  4394 | D:6      | Became a worshipper of Hepliaklqana the Forgotten
  4412 | D:6      | Gained mutation: You have razor-sharp teeth. [Vine Stalker
                  | growth]
  4412 | D:6      | Reached XP level 8. HP: 40/40 MP: 12/15
  4694 | D:6      | Found a glowing golden altar of the Shining One.
  4694 | D:6      | Found an ancient bone altar of Kikubaaqudgha.
  4843 | D:6      | Reached skill level 6 in Stealth
  5213 | D:6      | Reached * piety under Hepliaklqana
  5335 | D:7      | Reached skill level 5 in Hexes
  5490 | D:7      | You fall into a shaft and drop 1 floor!
  5666 | D:7      | Noticed a hornet
  5673 | D:7      | Killed a hornet
  5685 | D:7      | Found an ornate altar of the Wu Jian Council.
  5794 | D:7      | Found a sparkling altar of Nemelex Xobeh.
  5806 | D:7      | Reached skill level 5 in Spellcasting
  5806 | D:7      | Reached XP level 9. HP: 33/40 MP: 17/17
  5836 | D:7      | Found a radiant altar of Vehumet.
  5951 | D:7      | Reached skill level 7 in Stealth
  6241 | D:3      | Killed Sigmund
  6286 | D:3      | Found a shimmering blue altar of Sif Muna.
  6433 | D:8      | Reached ** piety under Hepliaklqana
  6434 | D:8      | Remembered your ancestor Tlaloc as a knight
  6453 | D:8      | Noticed a two-headed ogre
  6463 | D:8      | Killed a two-headed ogre
  6484 | D:8      | Found an iron altar of Okawaru.
  6567 | D:8      | Noticed an elephant
  6568 | D:8      | Found a staircase to the Lair.
  6686 | D:8      | Found a glowing silver altar of Zin.
  6868 | D:8      | Reached skill level 8 in Stealth
  6884 | D:8      | Reached skill level 5 in Short Blades
  6953 | D:8      | Reached XP level 10. HP: 45/45 MP: 18/20
  7151 | D:8      | Found a runed translucent gate.
  7151 | D:8      | Found a runed translucent gate.
  7151 | D:8      | Found a runed translucent gate.
  7152 | D:8      | Found an opulent altar of Gozag.
  7156 | D:8      | Noticed stormannn's ghost (novice MiHu)
  7156 | D:8      | Noticed a deep elf pyromancer
  7156 | D:8      | Noticed a seven-headed hydra
  7451 | D:9      | Reached skill level 5 in Fighting
  7451 | D:9      | Reached skill level 5 in Dodging
  7760 | D:9      | Reached *** piety under Hepliaklqana
  8359 | D:9      | Noticed a moth of wrath
  8362 | D:9      | Found a bloodstained altar of Trog.
  8632 | D:10     | Entered Level 10 of the Dungeon
  8644 | D:10     | Noticed a two-headed ogre
  8678 | D:10     | Killed a two-headed ogre
  8807 | D:10     | Found a shimmering altar of Xom.
  8838 | D:10     | Reached skill level 9 in Stealth
  8942 | D:10     | Found a shadowy altar of Dithmenos.
  9200 | D:10     | Reached XP level 11. HP: 27/50 MP: 4/22
  9255 | D:10     | Found a staircase to the Orcish Mines.
  9462 | D:10     | Found a burning altar of Makhleb.
  9977 | D:1      | Bought an ancient short sword for 216 gold pieces
  9977 | D:1      | Identified the +4 short sword of Okawaru's Approval {holy,
                  | Str+4 Dex+6} (You bought it in a shop on level 1 of the
                  | Dungeon)
 10225 | D:11     | Found a runed translucent door.
 10228 | D:11     | Noticed a balrug
 10380 | D:11     | Reached **** piety under Hepliaklqana
 10704 | D:11     | Noticed a cyclops
 10711 | D:11     | Hit by a large rock thrown by a cyclops

Illustrated notes

Levels and vault maps discovered:
D:1:      tarquinn_simple_flora_water_e, layout_loops_corners,
          shapermc_ecumenical_altar_hornbeckon, serial_shops,
          nicolae_shop_advertising_works [nicolae_subvault_shop_adworks]
D:2:      layout_basic
D:3:      layout_basic, nicolae_overflow_crystal_walls,
          guppyfry_early_lair_pool, uniq_sigmund, uniq_ijyb
D:4:      layout_basic, minmay_temple_entry_trees, serial_shops,
          nicolae_shop_bloodbath_and_beyond
D:5:      layout_rooms, ebering_ghost_rock_garden, serial_shops,
          nicolae_stop_n_shop_2, nicolae_fountain_basement,
          uniq_crazy_yiuf_cottage, uniq_duvessa, uniq_eustachio
D:6:      layout_loops_corners, nicolae_hepliaklqana_hazy_memory,
          gammafunk_temple_overflow_wave
D:7:      layout_basic, mainiacjoe_overflow_six_doors_small,
          mainiacjoe_overflow_tiny_flanked, vehumet_altar_wand_db
D:8:      layout_cave_pods, old_standard_altar, marbit_many_paths,
          david_lair_generic, ebering_ghost_gozag
D:9:      layout_loops_corners, tgw_trog, hangedman_decor_points
D:10:     layout_irregular_city, mainiacjoe_overflow_alcove_1,
          mainiacjoe_overflow_24_doors, mainiacjoe_overflow_small_starburst,
          erik_orc_3
D:11:     dreamdust_dug_too_deep, layout_loops_corners, serial_shops,
          kennysheep_mini_moat, shop

Skill      XL: |  1  2  3  4  5  6  7  8  9 10 11 |
---------------+----------------------------------+-----
Short Blades   | 1 2 3 4 5 6 |  6.3
Stealth        | 4 5 6 8 9 |  9.8
Dodging        | 2 3 4 5 6 |  6.1
Fighting       | 1 2 3 4 6 |  6.3
Spellcasting   | 3 4 5 6 7 |  7.3
Hexes          | 4 5 6 7 |  7.8

Action                   |  1- 3 |  4- 6 |  7- 9 | 10-12 || total
-------------------------+-------+-------+-------+-------++-------
Melee: Dagger            |    91 |    85 |   172 |   193 ||   541
       Bite              |    22 |    19 |    46 |    85 ||   172
       Punch             |     1 |     2 |     3 |     2 ||     8
       Staff             |       |       |       |     1 ||     1
       Short sword       |       |       |       |    45 ||    45
 Cast: Ensorcelled Hiber |       |     5 |     4 |     6 ||    15
       Tukima's Dance    |       |       |       |     3 ||     3
Invok: Ancestor Life: Kn |       |       |     1 |       ||     1
       Recall Ancestor   |       |       |       |     1 ||     1
Evoke: Wand              |       |       |     7 |       ||     7
  Use: Scroll            |       |     9 |     4 |     4 ||    17
       Potion            |       |       |     3 |     1 ||     4
 Stab: Sleeping          |     8 |     7 |    11 |     8 ||    34
       Distracted        |       |       |     2 |     2 ||     4
Armor: Robe              |     9 |    30 |    40 |    49 ||   128
Dodge: Dodged            |    45 |    44 |   110 |   109 ||   308
